 Dungeon Sprint DCSS version 0.27.1-1-g398f81649c (webtiles) character file.

Game seed: 12193430756638927436

1773 ugugthedestroyer the Cleaver (level 9, 0/89 HPs)
             Began as a Hill Orc Fighter on Sept 7, 2021.
             Was a High Priest of Beogh.
             Slain by a basilisk (5 damage)
             ... while petrified by a basilisk
             ... in the Dungeon (Sprint VII: "The Pits").
             The game lasted 00:03:04 (660 turns).

ugugthedestroyer the Cleaver (Hill Orc Fighter)      Turns: 660, Time: 00:03:05

Health: 0/89       AC: 17    Str: 25    XL:     9   Next: 7%
Magic:  8/8        EV:  2    Int:  8    God:    Beogh [*****.]
Gold:   0          SH:  0    Dex: 14    Spells: 8/8 levels left

rFire    . . .     SeeInvis .   o - +2 hand axe (vorpal)
rCold    . . .     Faith    .   c - +0 kite shield
rNeg     + + +     Spirit   .   n - +2 plate armour
rPois    ∞         Reflect  .   (no helmet)
rElec    .         Harm     .   (no cloak)
rCorr    .         Rampage  .   (no gloves)
Will     .....     NoTele   +   r - +0 pair of boots
Stlth    ..........             (no amulet)
HPRegen  0.24/turn              p - +3 ring of strength
MPRegen  0.11/turn              q - +3 ring of evasion

@: petrified
A: walk on water, hooves 1, thin skeletal structure 1, agile 1, low mp 1
a: Renounce Religion, Smiting, Recall Orcish Followers, Give Item to Named
Follower


You were in the Dungeon.
You worshipped Beogh.
Beogh was extremely pleased with you.
You visited 1 branch

Inventory:

Hand Weapons
 a - a +0 war axe
 o - a +2 vorpal hand axe (weapon)
Armour
 b - a +0 scale mail
 c - a +0 kite shield (worn)
 n - a +2 plate armour (worn)
 r - a +0 pair of boots (worn)
Jewellery
 p - a +3 ring of strength (left hand)
 q - a +3 ring of evasion (right hand)
Scrolls
 j - a scroll of blinking
 l - 5 scrolls of amnesia
 m - a scroll of summoning
Potions
 d - 3 potions of might
 e - 6 potions of curing
 f - 7 potions of heal wounds
 g - 3 potions of haste
 h - 4 potions of magic
 i - 3 potions of berserk rage
 k - 2 potions of invisibility
 s - a potion of mutation


   Skills:
 + Level 11.3 Fighting
 + Level 14.9 Axes
 + Level 8.9 Armour
 + Level 2.3 Dodging
 - Level 0.5 Stealth
 + Level 11.4 Shields


You had 8 spell levels left.
You didn't know any spells.
Your spell library was empty.

Dungeon Overview and Level Annotations

Branches:
Dungeon (1/1)

Altars:
Ashenzari
Cheibriados
Dithmenos
Elyvilon
Fedhas
Gozag
Hepliaklqana
Kikubaaqudgha
Makhleb
Nemelex Xobeh
Okawaru
Qazlal
Ru
Sif Muna
Trog
Uskayaw
Vehumet
Wu Jian
Xom
Yredelemnul
Zin
The Shining One
Beogh
Jiyva
Lugonu


Innate Abilities, Weirdness & Mutations

You can walk on water.
You have large cloven feet.
You have a somewhat thin skeletal structure. (Dex +2, Stealth+)
You are agile. (Dex +2)
Your magical capacity is low. (-10% MP)


Message History

Increase (S)trength, (I)ntelligence, or (D)exterity?
You feel stronger.
Things that are here:
a +0 shortbow; 15 arrows; a centaur corpse You open the large door.
A basilisk, a death yak and a merfolk come into view.
The death yak bellows!
The merfolk shouts!
The basilisk hisses angrily.
You close the large door.
A merfolk opens the large door.
The basilisk gazes at you. You resist with some effort.
The merfolk closely misses you. The death yak gores you.
The basilisk gazes at you.
You are slowing down.
Your limbs are stiffening.
There is a large open door here.
You see here a hell rat corpse.
You have turned to stone.
The merfolk hits you from afar with a +0 trident!
The death yak gores you!
The merfolk hits you but does no damage.
The death yak gores you!!
The basilisk bites you but does no damage.
The merfolk hits you but does no damage.
The death yak gores you but does no damage.
The basilisk gazes at you. You resist with some effort.
The merfolk completely misses you. The death yak gores you!
The basilisk barely misses you.
The merfolk hits you from afar with a +0 trident!
* * * LOW HITPOINT WARNING * * *
The death yak gores you!
* * * LOW HITPOINT WARNING * * *
The basilisk bites you but does no damage.
The merfolk hits you from afar with a +0 trident!
* * * LOW HITPOINT WARNING * * *
The death yak gores you!
* * * LOW HITPOINT WARNING * * *
The basilisk bites you!
You die...

##.##................+
....'................+
#####......#..#......#
.'.##................#
.#.#####'#####''######
##.##.......##''#####
.#.##.......##......#
.).##.......##......#
#####...<...###.@..##
)).##.......# ##Yl##
)..##.......###m.).##
#####.......##......#
#.. ##########......+
#.############......#
#)#....#..[[###....##
#'#....#..[.# ##''##
#.'....'..))# ....#


You could see a death yak, a merfolk and a basilisk.

Vanquished Creatures
  A merfolk avatar (D)
  An orange demon (D)
  A floating eye (D)
  A black bear (D)
  An ice beast (D)
  A necrophage (D)
  A small abomination (D)
  2 centaurs (D)
  2 quasits (D)
  2 iron imps (D)
  Jessica (D)
  An iguana (D)
  A hell rat (D)
  A gnoll (D)
  A ball python (D)
  An endoplasm (D)
  A bat (D)
  A frilled lizard (D)
  A jackal skeleton (D)
  A kobold (D)
  A quokka zombie (D)
  3 rats (D)
27 creatures vanquished.

Notes
Turn   | Place    | Note
-------+----------+-------------------------------------------
     0 | D        | ugugthedestroyer the Hill Orc Fighter began the quest for
                  | the Orb.
     0 | D        | Reached XP level 1. HP: 19/19 MP: 1/1
    13 | D        | Noticed a floating eye
    15 | D        | Paralysed by a floating eye for 4 turns
    19 | D        | Killed a floating eye
    20 | D        | Reached skill level 4 in Axes
    20 | D        | Reached XP level 2. HP: 31/31 MP: 2/2
    20 | D        | Reached XP level 3. HP: 38/38 MP: 3/3
    20 | D        | Reached XP level 4. HP: 45/45 MP: 4/4
    44 | D        | Found a bloodstained altar of Trog.
    44 | D        | Found a shimmering blue altar of Sif Muna.
    44 | D        | Found a viscous altar of Jiyva.
    44 | D        | Found a hazy altar of Hepliaklqana.
    44 | D        | Found an opulent altar of Gozag.
    45 | D        | Found a glowing golden altar of the Shining One.
    45 | D        | Found a glowing silver altar of Zin.
    45 | D        | Found a basalt altar of Yredelemnul.
    45 | D        | Found a shimmering altar of Xom.
    45 | D        | Found an ornate altar of the Wu Jian Council.
    45 | D        | Found a sacrificial altar of Ru.
    45 | D        | Found a stormy altar of Qazlal.
    45 | D        | Found an iron altar of Okawaru.
    45 | D        | Found a sparkling altar of Nemelex Xobeh.
    45 | D        | Found a burning altar of Makhleb.
    45 | D        | Found a blossoming altar of Fedhas.
    45 | D        | Found a white marble altar of Elyvilon.
    45 | D        | Found a shadowy altar of Dithmenos.
    45 | D        | Found a snail-covered altar of Cheibriados.
    47 | D        | Found a radiant altar of Vehumet.
    47 | D        | Found a corrupted altar of Lugonu.
    47 | D        | Found a roughly hewn altar of Beogh.
    49 | D        | Found an ancient bone altar of Kikubaaqudgha.
    49 | D        | Found a hide-covered altar of Uskayaw.
    49 | D        | Found a broken altar of Ashenzari.
    57 | D        | Became a worshipper of Beogh the Brigand
    97 | D        | Reached * piety under Beogh
   112 | D        | Reached ** piety under Beogh
   115 | D        | Reached skill level 5 in Axes
   115 | D        | Reached XP level 5. HP: 47/53 MP: 5/5
   188 | D        | Noticed a centaur
   201 | D        | Reached skill level 6 in Axes
   203 | D        | Reached *** piety under Beogh
   217 | D        | Killed a centaur
   218 | D        | Reached skill level 7 in Axes
   218 | D        | Reached XP level 6. HP: 54/62 MP: 6/6
   243 | D        | Reached **** piety under Beogh
   246 | D        | Noticed a merfolk avatar
   283 | D        | Killed a merfolk avatar
   284 | D        | Reached skill level 10 in Fighting
   284 | D        | Reached skill level 12 in Axes
   284 | D        | Reached skill level 1 in Dodging
   284 | D        | Reached skill level 10 in Shields
   284 | D        | Reached XP level 7. HP: 70/73 MP: 7/7
   284 | D        | Reached XP level 8. HP: 77/80 MP: 8/8
   285 | D        | Noticed Jessica
   289 | D        | Killed Jessica
   297 | D        | Reached skill level 13 in Axes
   302 | D        | Noticed an orange demon
   310 | D        | Reached ***** piety under Beogh
   326 | D        | Killed an orange demon
   327 | D        | Reached skill level 14 in Axes
   367 | D        | Gained mutation: You are agile. (Dex +2) [potion of
                  | mutation]
   367 | D        | Gained mutation: You have a somewhat thin skeletal
                  | structure. (Dex +2, Stealth+) [potion of mutation]
   367 | D        | Gained mutation: Your magical capacity is low. (-10% MP)
                  | [potion of mutation]
   367 | D        | Gained mutation: You have large cloven feet. [potion of
                  | mutation]
   638 | D        | Reached XP level 9. HP: 56/89 MP: 8/8
   644 | D        | Noticed a death yak
   644 | D        | Noticed a merfolk
   660 | D        | Slain by a basilisk

Illustrated notes

Levels and vault maps discovered:
D:        pitsprint [storerooms_1, entrance_room_1, metal_vault_2, armoury_1,
          mini_pit_1, grid_room_1, main_hall_1, silver_pit, the_coven_3,
          the_vestibule_1, steel_vault_1, golden_pit, hallway_of_sentries,
          crystal_vault_1, iron_vault_3, final_vault]

Skill      XL: |  1  2  3  4  5  6  7  8 |
---------------+-------------------------+-----
Fighting       | 6 7 8 10 11 | 11.3
Axes           | 4 5 7 12 14 | 14.9
Armour         | 6 7 8 |  8.9
Shields        | 6 8 10 11 | 11.4
Dodging        | 1 2 |  2.3
Stealth        | |  0.5

Action                   |  1- 3 |  4- 6 |  7- 9 || total
-------------------------+-------+-------+-------++-------
Melee: War axe           |     2 |    20 |       ||    22
       Hand axe          |       |    69 |    49 ||   118
  Use: Potion            |       |     1 |     2 ||     3
Armor: Scale mail        |       |    12 |       ||    12
       Plate armour      |       |    35 |    28 ||    63
Dodge: Dodged            |       |    29 |    14 ||    43
Block: Kite shield       |       |    47 |    31 ||    78
